 Dungeon Crawl Stone Soup version 0.17-a0-1646-geb1493d (webtiles) character file.

108315 ileska the Shatterer (level 16, -2/141 HPs)
             Began as a Minotaur Berserker on Aug 10, 2015.
             Was a High Priest of Trog.
             Succumbed to a trapdoor spider's poison
             ... on level 3 of the Spider Nest on Aug 11, 2015.
             The game lasted 03:28:22 (36724 turns).

ileska the Shatterer (Minotaur Berserker)          Turns: 36724, Time: 03:28:22

Health: -2/141     AC: 25    Str: 25    XL:     16   Next: 2%
Magic:  16/16      EV: 15    Int:  4    God:    Trog [*****.]
Gold:   2720       SH:  0    Dex: 14    Spells: 0 memorised, 15 levels left

rFire  . . .     SeeInvis .     e - +10 dark maul {crush}
rCold  + . .     Clarity  .     V - +2 plate armour {rC+}
rNeg   . . .     SustAt   .     (no shield)
rPois  +         Gourm    .     (helmet restricted)
rElec  .         Spirit   .     g - +0 cloak
rCorr  .         Warding  .     P - +1 pair of gloves
rMut   .         Stasis   .     z - +0 pair of boots
MR     +....                    (no amulet)
Stlth  ..........               I - ring of poison resistance
                                d - +1 ring of protection

@: lethally poisoned (-2 -> -46), about to teleport, somewhat resistant to
hostile enchantments, extremely unstealthy
A: retaliatory headbutt, horns 2, blurry vision 1, wild magic 1
a: Burn Spellbooks, Berserk, Trog's Hand, Brothers in Arms, Renounce Religion


You were on level 3 of the Spider Nest.
You worshipped Trog.
Trog was extremely pleased with you.
You were not hungry.

You visited 4 branches of the dungeon, and saw 28 of its levels.

You collected 2966 gold pieces.
You spent 246 gold pieces at shops.

Inventory:

Hand weapons
 e - the +10 dark maul (weapon) {crush}
   (Trog gifted it to you on level 7 of the Lair of Beasts)

   It inflicts extra damage upon your enemies.
 j - the +2 dire flail "Wujer" {flame, rC- Str+2 Stlth+}
   (Trog gifted it to you on level 4 of the Orcish Mines)

   It has been specially enchanted to burn those struck by it, causing extra
   injury to most foes and up to half again as much damage against particularly
   susceptible opponents.
   It affects your strength (+2).
   It makes you vulnerable to cold.
   It makes you more stealthy.
 D - a +8 antimagic flail
 K - the +8 whip "Beastbane" {drain, MR+ MP+9}
   (You found it on level 6 of the Lair of Beasts)

   A truly terrible weapon, it drains the life of those it strikes.
   It affects your resistance to hostile enchantments.
   It affects your magic capacity (+9).
 O - a +3 great mace of crushing
Armour
 g - a +0 cloak (worn)
 o - the +1 chain mail "Jyeq" {rPois Regen+}
   (You found it on level 4 of the Dungeon)

   It protects you from poison.
   It increases your rate of regeneration.
 z - a +0 pair of boots (worn)
 P - a +1 pair of gloves (worn)
 V - a +2 plate armour of cold resistance (worn)
Jewellery
 d - a +1 ring of protection (left hand)
 n - an uncursed ring of sustain attributes
 I - a ring of poison resistance (right hand)
Magical devices
 W - a wand of digging (10)
Scrolls
 c - 8 scrolls of teleportation
 k - 3 scrolls of fog
 t - 13 scrolls of identify
 x - 4 scrolls of enchant armour
 y - 7 scrolls of remove curse
 A - 5 scrolls of magic mapping
 B - 2 scrolls of recharging
 C - 2 scrolls of acquirement
 Z - 2 scrolls of enchant weapon {unknown}
Potions
 h - 5 potions of flight
 i - 4 potions of heal wounds
 q - 3 potions of degeneration {unknown}
 r - a potion of berserk rage {unknown}
 u - 4 potions of curing
 v - 6 potions of poison {unknown}
 w - 2 potions of agility {unknown}
 E - a potion of beneficial mutation {unknown}
 H - a potion of lignification {unknown}
 N - 2 potions of resistance {unknown}
 Q - a potion of cancellation
 R - 5 potions of brilliance {unknown}
 U - 2 potions of mutation {unknown}
 X - a potion of haste {unknown}
 Y - 2 potions of might
Miscellaneous
 a - a plain deck of summoning {drawn: 2}
 L - a plain deck of summoning
 T - a sack of spiders
Comestibles
 f - 12 fruits
 l - 5 meat rations
 s - a slice of pizza
 F - 7 royal jellies
 G - 6 beef jerkies
 M - 6 bread rations


   Skills:
 - Level 12.9 Fighting
 + Level 23.6 Maces & Flails
 - Level 14.3 Armour
 - Level 14.3 Dodging
 * Level 1.6 Evocations


You had 15 spell levels left.
You didn't know any spells.

Dungeon Overview and Level Annotations

Branches:
Dungeon (13/15)            Temple (0/1) D:4            Lair (8/8) D:10
 Shoals (0/4) Lair:4       Spider (3/4) Lair:6        Slime (0/6) Lair:8
    Orc (4/4) D:9             Elf (0/3) Orc:3        Vaults (0/5) D:13

Altars:
Ashenzari
Cheibriados
Elyvilon
Fedhas
Gozag
Makhleb
Qazlal
Ru
Trog
Vehumet
Xom
Beogh
Jiyva

Shops:
D:13 *   Orc:2 }   Orc:3 :   Orc:4 (*[:

Portals:
Hell: Lair:8
Trove: D:13 (give horn of Geryon)

Annotations:
Lair:3 exclusion: oklob plant
Spider:1 wa


Innate Abilities, Weirdness & Mutations

You reflexively headbutt those who attack you in melee.
You have a pair of horns on your head.
Scrolls take you a little longer to read.
Your spells are a little harder to cast, but a little more powerful.


Message History

Really read with blurry vision while enemies are nearby?
Uppercase [Y]es or [N]o only, please.
Really read with blurry vision while enemies are nearby?
* * * LOW HITPOINT WARNING * * *
You feel sick. The trapdoor spider bites you.
* * * LOW HITPOINT WARNING * * *
The redback completely misses you.
You begin reading the scroll.
You continue reading the scroll.
* * * LOW HITPOINT WARNING * * *
You feel very sick. The redback closely misses you.
The trapdoor spider bites you but does no damage.
The redback bites you but does no damage.
The redback bites you.
* * * LOW HITPOINT WARNING * * *
The trapdoor spider bites you!
* * * LOW HITPOINT WARNING * * *
As you read the scroll of teleportation, it crumbles to dust.
You feel strangely unstable.
You die...

### ..... #.#..........# ### .
....... #..........# ...##.
...... ##.......#..## .....##
..... #...........## ......###
....## ##...........^.
........###
#..####............##
.......##.# ##....#...........##
.......#.####.s......(........#
...........##.s.@..#........#..#
.....##.......s...##.......#####
.....#...####.....###......#
#...#.#.s†.##.....# #.....##
####.###.††.†.....# ........ #.#
##.#####............## ...
##...####...#......## ..
##.....# ##.## . ##......# .#


You could see a trapdoor spider and 2 redbacks.

Vanquished Creatures
  Rupert (D:13)
  Gastronok (Lair:3)
  Donald (Orc:4)
  Maud (Lair:3)
  2 ghost moths
  An emperor scorpion (Spider:1)
  An orc warlord (Orc:4)
  Azrael (Orc:4)
  Snorg (Lair:4)
  9 hydras
  Harold (Lair:4)
  A centaur warrior (D:12)
  Erica (D:9)
  3 death yaks (Lair:8)
  A sun demon (Lair:8)
  Urug (Lair:4)
  Nergalle (Lair:1)
  A skeletal warrior (D:13)
  An unseen horror (D:10)
  4 hill giants
  3 hornets
  A wizard (Lair:8)
  2 oklob plants
  2 orc knights (Orc:4)
  2 orb spiders
  2 griffons
  3 orc sorcerers (Orc:4)
  12 wolf spiders
  4 cyclopes
  2 ugly things (D:13)
  The ghost of trantor the Archer, an experienced HEHu (D:4)
  A sixfirhy (Lair:8)
  The ghost of ontamu the Covert, an experienced OpAs of Dithmenos (D:6)
  Joseph (D:9)
  4 black mambas
  The ghost of Gargoyl the Chopper, an experienced MiBe of Trog (D:5)
  4 torpor snails
  4 centaur skeletons
  15 elephants (Lair:7)
  4 gargoyles
  A demonic crawler (Spider:2)
  2 orange demons (Lair:8)
  A hellwing (Lair:8)
  A kobold demonologist (D:13)
  20 spiny frogs
  An efreet (D:13)
  14 komodo dragons
  2 fire drakes
  2 jumping spiders (Spider:1)
  7 trolls
  3 red devils (Lair:8)
  4 blue devils (Lair:8)
  A polar bear (Lair:8)
  4 slime creatures
  17 blink frogs
  3 boulder beetles
  27 redbacks
  8 trapdoor spiders
  Sigmund (D:5)
  2 deep elf magi
  3 wyverns
  7 tarantellas
  A wraith (D:13)
  21 yaks
  17 humans
  5 fire elementals
  Eustachio (D:4)
  A hungry ghost (D:10)
  Grum (Lair:1)
  2 wolves (Lair:1)
  4 basilisks
  12 hippogriffs
  6 porcupines
  3 wargs
  20 water moccasins
  4 hell hounds
  3 soldier ants
  22 orc warriors
  An eye of draining (Lair:8)
  7 spiders
  3 sky beasts
  2 phantoms
  5 ice beasts
  3 centaurs
  The ghost of Razzik the Digger, an average DDEE of Yredelemnul (D:3)
  19 crocodiles
  A necrophage (D:10)
  10 ogres
  A brain worm (D:8)
  16 giant frogs
  A big kobold (D:9)
  2 wyvern zombies
  5 scorpions
  26 killer bees
  8 wights
  2 centaur zombies
  9 crimson imps
  3 jellies
  22 orc priests
  35 orc wizards
  2 quasits
  A gnoll shaman (D:8)
  4 giant frog skeletons
  6 hounds
  6 iguanas
  10 worker ants
  13 sheep
  27 adders
  10 gnolls
  38 river rats
  3 shadow imps
  An ooze (D:5)
  An adder skeleton (D:6)
  2 worms
  4 giant geckos
  141 orcs
  7 giant cockroaches
  11 hobgoblins
  15 jackals
  15 kobolds
  5 quokkas
  A ball python (D:2)
  9 bats
  14 giant newts
  6 goblins
  A quokka skeleton (D:5)
  A quokka zombie (D:9)
  9 rats
  A bush (Lair:1)
  2 fungi
  4 plants
909 creatures vanquished.

Vanquished Creatures (collateral kills)
  An orc high priest (Orc:4)
  2 orc knights
  6 orb spiders
  A moth of wrath (Spider:2)
  A queen bee (Lair:7)
  Prince Ribbit (D:9)
  A trapdoor spider (Spider:3)
  A tarantella (Spider:2)
  4 humans
  A hippogriff (D:9)
  4 spiders
  7 orc warriors
  13 killer bees
  4 orc priests
  4 orc wizards
  2 worker ants
  7 orcs
  A goblin (D:9)
  A kobold (D:9)
62 creatures vanquished.

Vanquished Creatures (others)
  A redback (Spider:2)
  A tarantella (Spider:2)
  A bush (Lair:6)
  41 fungi
  13 plants
57 creatures vanquished.

Grand Total: 1028 creatures vanquished

Notes
Turn   | Place    | Note
--------------------------------------------------------------
     0 | D:1      | ileska the Minotaur Berserker began the quest for the Orb.
     0 | D:1      | Reached XP level 1. HP: 19/19 MP: 0/0
    78 | D:1      | Reached skill level 4 in Maces & Flails
   111 | D:1      | Reached XP level 2. HP: 20/26 MP: 1/1
   479 | D:1      | Acquired Trog's second power
   662 | D:1      | Reached skill level 5 in Maces & Flails
   809 | D:2      | Reached XP level 3. HP: 26/31 MP: 2/2
  1926 | D:2      | Reached skill level 6 in Maces & Flails
  1926 | D:2      | Reached XP level 4. HP: 18/39 MP: 3/3
  2466 | D:2      | Found a snail-covered altar of Cheibriados.
  3016 | D:3      | Noticed a giant frog
  3023 | D:3      | Killed a giant frog
  3023 | D:3      | Reached skill level 7 in Maces & Flails
  3023 | D:3      | Reached XP level 5. HP: 27/45 MP: 4/4
  3702 | D:3      | Noticed Razzik's ghost (average DDEE)
  3717 | D:3      | Killed Razzik's ghost
  3717 | D:3      | Reached XP level 6. HP: 31/51 MP: 5/5
  4092 | D:4      | Found a blossoming altar of Fedhas.
  4117 | D:4      | Reached skill level 5 in Dodging
  4132 | D:4      | Found a stormy altar of Qazlal.
  4132 | D:4      | Noticed trantor's ghost (experienced HEHu)
  4145 | D:4      | Killed trantor's ghost
  4145 | D:4      | Reached XP level 7. HP: 44/57 MP: 6/6
  4385 | D:4      | Noticed Eustachio
  4730 | D:4      | Reached skill level 8 in Dodging
  4747 | D:4      | Found a staircase to the Ecumenical Temple.
  4861 | D:4      | Reached skill level 5 in Fighting
  4861 | D:4      | Reached XP level 8. HP: 52/68 MP: 7/7
  5067 | D:4      | Got a faintly humming chain mail
  5075 | D:4      | Identified the cursed +1 chain mail "Jyeq" {rPois Regen+} (You found it on level 4 of the Dungeon)
  5357 | D:4      | Killed Eustachio
  5831 | D:5      | Entered Level 5 of the Dungeon
  5951 | D:5      | Found a bloodstained altar of Trog.
  5970 | D:5      | Acquired Trog's third power
  6017 | D:5      | Found Igough's Jewellery Shop.
  6056 | D:5      | Noticed Sigmund
  6071 | D:5      | Killed Sigmund
  6175 | D:5      | Found a shimmering altar of Xom.
  6212 | D:5      | Noticed Gargoyl's ghost (experienced MiBe)
  6233 | D:5      | Killed Gargoyl's ghost
  6233 | D:5      | Reached skill level 9 in Fighting
  6321 | D:5      | Found a white marble altar of Elyvilon.
  6730 | D:5      | Reached XP level 9. HP: 62/84 MP: 8/8
  6995 | D:6      | Noticed ontamu's ghost (experienced OpAs)
  7011 | D:6      | Killed ontamu's ghost
  7011 | D:6      | Reached skill level 10 in Maces & Flails
  7850 | D:7      | Found a sacrificial altar of Ru.
  8163 | D:7      | Reached skill level 5 in Armour
  9156 | D:8      | Received a gift from Trog
  9165 | D:8      | Reached XP level 10. HP: 78/91 MP: 9/9
  9167 | D:8      | Got a pitted arbalest {god gift}
  9747 | D:9      | Noticed Erica
  9765 | D:9      | Killed Erica
  9765 | D:9      | Reached skill level 10 in Armour
  9958 | D:9      | Found a shattered altar of Ashenzari.
 10312 | D:9      | Found a staircase to the Orcish Mines.
 10337 | D:9      | Reached skill level 10 in Dodging
 10367 | D:9      | Received a gift from Trog
 10565 | D:9      | Noticed Prince Ribbit
 10569 | D:9      | Killed Prince Ribbit
 10712 | D:9      | Noticed Joseph
 10725 | D:9      | Killed Joseph
 10725 | D:9      | Reached skill level 10 in Fighting
 11534 | Orc:1    | Entered Level 1 of the Orcish Mines
 11714 | Orc:1    | Reached XP level 11. HP: 101/101 MP: 10/10
 12008 | Orc:2    | Found Usaqun's Gadget Shop.
 12051 | Orc:2    | Bought a plain deck of summoning for 182 gold pieces
 12421 | Orc:3    | Found a staircase to the Elven Halls.
 12521 | Orc:3    | Found Ygumial's Book Boutique.
 12872 | Orc:3    | Reached skill level 11 in Dodging
 13202 | Orc:3    | Got a transparent dagger
 13458 | Orc:4    | Entered Level 4 of the Orcish Mines
 13460 | Orc:4    | Noticed Azrael
 13511 | D:10     | Entered Level 10 of the Dungeon
 13602 | D:10     | Received a gift from Trog
 14102 | D:10     | Found a staircase to the Lair.
 14245 | D:10     | Killed an unseen horror
 14245 | D:10     | Reached skill level 12 in Dodging
 14635 | D:10     | Noticed a hill giant
 14643 | D:10     | Killed a hill giant
 15430 | D:11     | Noticed a hill giant
 15438 | D:11     | Killed a hill giant
 15556 | D:11     | You fall through a shaft!
 15595 | D:12     | Noticed a centaur warrior
 15600 | D:12     | Killed a centaur warrior
 15733 | D:12     | Gained mutation: Your spells are a little harder to cast, but a little more powerful. [mutagenic meat]
 15734 | D:12     | Gained mutation: Scrolls take you a little longer to read. [mutagenic meat]
 15748 | D:11     | Noticed a hill giant
 15756 | D:11     | Killed a hill giant
 16393 | Lair:1   | Entered Level 1 of the Lair of Beasts
 16398 | Lair:1   | Noticed Grum
 16405 | Lair:1   | Reached skill level 13 in Maces & Flails
 16407 | Lair:1   | Reached XP level 12. HP: 63/108 MP: 11/11
 16412 | Lair:1   | Killed Grum
 16844 | Lair:1   | Noticed Nergalle
 16860 | Lair:1   | Killed Nergalle
 17280 | Lair:2   | Received a gift from Trog
 17366 | Lair:2   | Found an opulent altar of Gozag.
 18425 | Lair:3   | Noticed Maud
 18436 | Lair:3   | Killed Maud
 18715 | Lair:3   | Noticed Gastronok
 18727 | Lair:3   | Killed Gastronok
 18727 | Lair:3   | Reached skill level 14 in Armour
 19678 | Lair:4   | Noticed Harold
 19691 | Lair:4   | Killed Harold
 19691 | Lair:4   | Reached XP level 13. HP: 74/114 MP: 12/12
 20181 | Lair:4   | Noticed Snorg
 20186 | Lair:4   | Killed Snorg
 20366 | Lair:4   | Found a staircase to the Shoals.
 20829 | Lair:5   | Received a gift from Trog
 21212 | Lair:5   | Found a snail-covered altar of Cheibriados.
 22210 | Lair:6   | Got an ichor-stained whip
 22211 | Lair:6   | Identified the +8 whip "Beastbane" {drain, MR+ MP+9} (You found it on level 6 of the Lair of Beasts)
 22332 | Lair:6   | Found an opulent altar of Gozag.
 22635 | Lair:6   | Found a hole to the Spider Nest.
 23722 | Lair:7   | Received a gift from Trog
 24603 | Lair:8   | Entered Level 8 of the Lair of Beasts
 24612 | Lair:8   | Reached skill level 15 in Maces & Flails
 24612 | Lair:8   | Reached XP level 14. HP: 112/127 MP: 13/13
 24630 | Lair:7   | Received a gift from Trog
 25127 | Lair:8   | Found a viscous altar of Jiyva.
 25127 | Lair:8   | Found a staircase to the Slime Pits.
 25216 | Lair:8   | Reached skill level 16 in Maces & Flails
 25746 | Lair:8   | Found a burning altar of Makhleb.
 25768 | Lair:8   | Received a gift from Trog
 25768 | Lair:8   | Reached skill level 17 in Maces & Flails
 25891 | Lair:8   | Found a gateway to Hell.
 26899 | Orc:4    | Noticed Donald
 26907 | Orc:4    | Killed Donald
 26907 | Orc:4    | Reached skill level 18 in Maces & Flails
 27163 | Orc:4    | Noticed an orc high priest
 27163 | Orc:4    | Noticed an orc warlord
 27169 | Orc:4    | Killed an orc warlord
 27170 | Orc:4    | Killed an orc high priest
 27181 | Orc:4    | Found a roughly hewn altar of Beogh.
 27183 | Orc:4    | Reached skill level 19 in Maces & Flails
 27190 | Orc:4    | Received a gift from Trog
 27206 | Orc:4    | Got a twisted dire flail {god gift}
 27378 | Orc:4    | Identified the +2 dire flail "Wujer" {flame, rC- Str+2 Stlth+} (Trog gifted it to you on level 4 of the Orcish Mines)
 27475 | Orc:4    | Found Odaen's Antique Weapon Shop.
 27723 | Orc:4    | Found a radiant altar of Vehumet.
 27902 | Orc:4    | Received a gift from Trog
 28082 | Orc:4    | Killed Azrael
 28286 | Orc:4    | Found Nobrel's Book Shop.
 28302 | Orc:4    | Found Teipt's General Store.
 28309 | Orc:4    | Bought a scroll of identify for 32 gold pieces
 28309 | Orc:4    | Bought a scroll of identify for 32 gold pieces
 28311 | Orc:4    | Identified 2 scrolls of acquirement
 28485 | Orc:4    | Found Vusilefe's Antique Armour Shop.
 28716 | D:12     | Reached skill level 20 in Maces & Flails
 28735 | D:12     | Noticed a hill giant
 28738 | D:12     | Killed a hill giant
 28854 | D:12     | Noticed a four-headed hydra
 28858 | D:12     | Killed a four-headed hydra
 28858 | D:12     | Reached XP level 15. HP: 86/134 MP: 14/14
 29804 | D:13     | Reached skill level 21 in Maces & Flails
 30099 | D:13     | Noticed Rupert
 30102 | D:13     | Killed Rupert
 30118 | D:13     | Received a gift from Trog
 30843 | D:13     | Found a portal to a secret trove of treasure.
 30875 | D:13     | Found a gate to the Vaults.
 31006 | D:13     | Found Qenutsiz's General Store.
 31101 | D:13     | Reached skill level 22 in Maces & Flails
 32280 | Lair:4   | Noticed Urug
 32286 | Lair:4   | Killed Urug
 33031 | Spider:1 | Entered Level 1 of the Spider Nest
 34401 | Spider:1 | Reached skill level 23 in Maces & Flails
 36098 | Spider:2 | Reached skill level 1 in Evocations
 36274 | Spider:3 | Received a gift from Trog
 36696 | Spider:3 | Reached XP level 16. HP: 79/141 MP: 16/16
 36703 | Spider:3 | HP: 2/141 [wolf spider (9)]
 36723 | Spider:3 | HP: 2/141 [trapdoor spider (13)]
 36724 | Spider:3 | Succumbed to a trapdoor spider's poison

Vault maps used:
D:1:      scummos_arrival_forest
D:2:      cheibriados_altar_1, roderic_serpentine_path
D:3:      serial_bayou_pond_a, serial_park_tiny_pond
D:4:      wad_lake_hut, grunt_qazlal_clouds,
          minmay_temple_entry_statues_fountains, first_bread, minivault_14,
          fedhas_altar_2, uniq_eustachio
D:5:      old_standard_altar, nicolae_overflow_crystal_walls,
          lemuel_crystal_altar, serial_shops, shop, abandoned_shop, uniq_sigmund
D:7:      lemuel_round_altar
D:8:      hangedman_pestilent_swarm
D:9:      erik_orc_4, evilmike_ruin_ashenzari, uniq_erica, uniq_joseph,
          uniq_prince_ribbit1
D:10:     minmay_lair_entry_lava, bh_walls_and_bars
D:11:     minmay_misc_feat_enclosed
D:12:     minmay_misc_feat_four_crosses
D:13:     david_vaults_3, serial_shops, nicolae_shop_window_shopping,
          enter_trove_0, moated_statue
Lair:1:   minmay_lair_oklob_bushes, uniq_nergalle, uniq_grum
Lair:2:   lab_entry_generic, basic_altar, st_stairs_5
Lair:3:   minmay_lair_oklob_items, uniq_gastronok, uniq_maud
Lair:4:   erik_1, minmay_shoals_entry_centaurs, uniq_snorg, uniq_urug,
          uniq_harold
Lair:5:   kennysheep_snail_temple
Lair:6:   minmay_lair_venomous_thicket, spider_nest_entry_web_field, basic_altar
Lair:7:   mu_elephants_graveyard, special_room, lemuel_fruit_fields
Lair:8:   evil_forest, slime_altar_1, grunt_megastairs_1
Spider:1: nicolae_spider_shape
Orc:2:    serial_shops, shop
Orc:3:    serial_shops, shop_fountains, nicolae_orc_pool_cavern,
          nicolae_orc_sculptors_studio
Orc:4:    grunt_orc_cross, basic_altar, mines3_lemuel, uniq_azrael, uniq_donald

Action                   |  1- 3 |  4- 6 |  7- 9 | 10-12 | 13-15 | 16-18 || total
-------------------------+-------+-------+-------+-------+-------+-------++-------
Melee: Mace              |    81 |   109 |   307 |   352 |       |       ||   849
       Flail             |       |       |   106 |       |       |       ||   106
       Great mace        |       |       |       |   314 |   306 |       ||   620
       Maul              |       |       |       |       |   522 |     2 ||   524
       Whip              |       |       |       |       |    12 |       ||    12
       Unarmed           |       |       |       |       |     9 |       ||     9
Invok: Berserk           |       |     2 |     5 |     7 |     4 |       ||    18
       Brothers in Arms  |       |       |       |     1 |     7 |     1 ||     9
       Burn Spellbooks   |       |       |       |     2 |     5 |       ||     7
       Trog's Hand       |       |       |       |     1 |       |       ||     1
Evoke: Deck              |       |       |       |     2 |       |       ||     2
       Wand              |       |       |       |       |     2 |       ||     2
  Use: Scroll            |     2 |     1 |     7 |    10 |    14 |     1 ||    35
       Potion            |       |     1 |       |     1 |     1 |     3 ||     6
  Eat: Chunk             |     2 |     8 |     2 |    15 |     9 |       ||    36
       Beef jerky        |       |     1 |       |     1 |     3 |       ||     5
       Bread ration      |       |       |     2 |     2 |     4 |       ||     8
       Meat ration       |       |       |     2 |     2 |     1 |       ||     5
       Pizza             |       |       |     1 |       |     3 |       ||     4
       Royal jelly       |       |       |       |     5 |     9 |       ||    14
       Fruit             |       |       |       |       |     1 |       ||     1
